General information
- name: BNet
- type: Ladder team game (AT/RT)
- host: Battle.net
- saver: teelo
map: Deathknell
- players: 8
- length: 32:16
- speed: Fast
- version: 1.26 W3XP
- replay type: Public
» download(225 KB)
Players
team 1 (winner)

»
YERT (
yellow | 89 APM | 2858 actions | 32:16)
6 Death Knight
3 Death Coil
2 Unholy Aura
1 Animate Dead
5 Lich
3 Frost Nova
2 Frost Armor
» actions
| Assign group hotkey | 34 | |
| Basic commands | 168 | |
| Build / train | 45 | |
| Enter build submenu | 24 | |
| Enter hero's abilities submenu | 14 | |
| Give item / drop item | 3 | |
| Right click | 842 | |
| Select / deselect | 827 | |
| Select group hotkey | 801 | |
| Use ability | 99 | |
2858 total
» units
| Acolyte | 4 | |
| Ghoul | 3 | |
| Crypt Fiend | 5 | |
| Frost Wyrm | 8 | |
20 total
» upgrades
| Creature Attack | 2 | |
| Freezing Breath | 1 | |
| Creature Carapace | 1 | |
4 total
» buildings
| Graveyard | 1 | |
| Crypt | 1 | |
| Ziggurat | 11 | |
| Altar of Darkness | 1 | |
| Tomb of Relics | 1 | |
| Halls of the Dead | 1 | |
| Black Citadel | 1 | |
| Sacrificial Pit | 1 | |
| Boneyard | 2 | |
| Necropolis | 2 | |
22 total
» build order
00:10 Graveyard
00:13 Crypt
00:38 Ziggurat
00:56 Altar of Darkness
01:35 Ziggurat
01:52 Tomb of Relics
02:28 Ziggurat
03:43 Halls of the Dead
06:24 Black Citadel
07:11 Sacrificial Pit
08:46 Boneyard
08:48 Boneyard
08:56 Ziggurat
08:57 Ziggurat
08:58 Ziggurat
08:59 Ziggurat
09:04 Ziggurat
09:06 Ziggurat
09:08 Ziggurat
09:09 Ziggurat
25:38 Necropolis
28:44 Necropolis
» items
| Rod of Necromancy | 2 | |
| Mechanical Critter | 1 | |
| Orb of Corruption | 1 | |
| Scroll of Town Portal | 2 | |
6 total
ChaosKnight (
purple | 47 APM | 1517 actions | 32:16)
8 Death Knight
3 Death Coil
3 Unholy Aura
1 Animate Dead
1 Death Pact
» actions
| Assign group hotkey | 16 | |
| Basic commands | 1 | |
| Build / train | 62 | |
| Enter build submenu | 26 | |
| Enter hero's abilities submenu | 8 | |
| Remove unit from queue | 1 | |
| Right click | 770 | |
| Select / deselect | 229 | |
| Select group hotkey | 325 | |
| Use ability | 79 | |
1517 total
» units
| Acolyte | 7 | |
| Ghoul | 3 | |
| Crypt Fiend | 7 | |
| Frost Wyrm | 9 | |
26 total
» upgrades
| Unholy Armor | 1 | |
| Creature Carapace | 4 | |
| Web | 1 | |
| Freezing Breath | 2 | |
| Creature Attack | 2 | |
| Burrow | 1 | |
11 total
» buildings
| Crypt | 1 | |
| Altar of Darkness | 1 | |
| Ziggurat | 12 | |
| Graveyard | 1 | |
| Tomb of Relics | 1 | |
| Halls of the Dead | 1 | |
| Black Citadel | 1 | |
| Sacrificial Pit | 1 | |
| Boneyard | 4 | |
| Necropolis | 1 | |
| Spirit Tower | 4 | |
28 total
» build order
00:45 Crypt
00:49 Altar of Darkness
00:55 Ziggurat
01:00 Graveyard
01:15 Ziggurat
01:36 Tomb of Relics
03:29 Halls of the Dead
05:18 Ziggurat
05:24 Ziggurat
05:26 Ziggurat
05:57 Black Citadel
07:55 Sacrificial Pit
08:50 Boneyard
09:00 Boneyard
09:03 Boneyard
09:21 Boneyard
09:40 Ziggurat
09:43 Ziggurat
09:46 Ziggurat
16:27 Necropolis
16:29 Ziggurat
16:32 Ziggurat
19:07 Spirit Tower
20:30 Ziggurat
20:32 Ziggurat
20:36 Spirit Tower
21:29 Spirit Tower
28:05 Spirit Tower
» items
| Lesser Clarity Potion | 1 | |
| Scroll of Town Portal | 6 | |
| Potion of Mana | 1 | |
| Orb of Corruption | 1 | |
9 total

»
teelo (
red | 68 APM | 2180 actions | 32:16)
7 Death Knight
3 Death Coil
3 Unholy Aura
1 Animate Dead
» actions
| Assign group hotkey | 350 | |
| Basic commands | 156 | |
| Build / train | 77 | |
| ESC pressed | 2 | |
| Enter build submenu | 35 | |
| Enter hero's abilities submenu | 7 | |
| Right click | 577 | |
| Select / deselect | 230 | |
| Select group hotkey | 626 | |
| Use ability | 119 | |
2180 total
» units
| Acolyte | 9 | |
| Ghoul | 6 | |
| Crypt Fiend | 10 | |
| Frost Wyrm | 13 | |
38 total
» upgrades
| Creature Attack | 3 | |
| Creature Carapace | 3 | |
| Web | 1 | |
| Burrow | 1 | |
| Freezing Breath | 1 | |
9 total
» buildings
| Ziggurat | 14 | |
| Altar of Darkness | 1 | |
| Nerubian Tower | 2 | |
| Crypt | 9 | |
| Halls of the Dead | 1 | |
| Graveyard | 1 | |
| Sacrificial Pit | 1 | |
| Black Citadel | 1 | |
| Tomb of Relics | 1 | |
| Spirit Tower | 6 | |
| Boneyard | 5 | |
42 total
» build order
00:11 Ziggurat
00:14 Altar of Darkness
01:06 Nerubian Tower
01:30 Crypt
01:33 Crypt
02:06 Ziggurat
03:57 Ziggurat
04:17 Halls of the Dead
04:43 Graveyard
04:46 Nerubian Tower
05:19 Crypt
05:19 Crypt
05:33 Ziggurat
07:30 Sacrificial Pit
08:10 Black Citadel
08:21 Tomb of Relics
09:46 Spirit Tower
10:33 Boneyard
10:34 Boneyard
10:35 Boneyard
11:27 Ziggurat
15:38 Ziggurat
15:38 Ziggurat
15:39 Ziggurat
15:39 Ziggurat
16:25 Spirit Tower
17:46 Spirit Tower
18:57 Spirit Tower
19:12 Ziggurat
19:14 Ziggurat
20:25 Boneyard
20:25 Boneyard
22:59 Ziggurat
25:54 Ziggurat
25:55 Ziggurat
26:37 Crypt
26:38 Crypt
26:39 Crypt
27:16 Spirit Tower
27:27 Crypt
27:29 Crypt
27:51 Spirit Tower
» items
| Scroll of Regeneration | 2 | |
| Lesser Clarity Potion | 2 | |
| Mechanical Critter | 1 | |
| Potion of Mana | 2 | |
| Orb of Corruption | 2 | |
| Scroll of Town Portal | 1 | |
| Scroll of Healing | 1 | |
| Potion of Healing | 1 | |
12 total

»
FUXSUHDUXS2 (
orange | 34 APM | 1108 actions | 32:16)
6 Blood Mage
3 Flame Strike
2 Siphon Mana
1 Summon Phoenix
6 Mountain King
3 Storm Bolt
2 Bash
1 Avatar
» actions
| Build / train | 66 | |
| Enter build submenu | 30 | |
| Enter hero's abilities submenu | 12 | |
| Give item / drop item | 5 | |
| Remove unit from queue | 1 | |
| Right click | 651 | |
| Select / deselect | 279 | |
| Use ability | 64 | |
1108 total
» units
| Peasant | 7 | |
| Rifleman | 18 | |
| Gnoll Overseer | 1 | |
26 total
» upgrades
| Gunpowder | 3 | |
| Long Rifles | 1 | |
| Armor | 2 | |
6 total
» buildings
| Lumber Mill | 1 | |
| Scout Tower | 12 | |
| Guard Tower | 9 | |
| Arcane Vault | 2 | |
| Keep | 1 | |
| Farm | 8 | |
| Altar of Kings | 2 | |
| Barracks | 1 | |
| Blacksmith | 1 | |
| Castle | 1 | |
| Town Hall | 1 | |
39 total
» build order
00:14 Lumber Mill
01:14 Scout Tower
01:16 Scout Tower
01:18 Scout Tower
01:20 Scout Tower
01:45 Guard Tower
01:47 Guard Tower
02:14 Guard Tower
02:21 Scout Tower
02:34 Scout Tower
02:46 Guard Tower
02:49 Scout Tower
02:50 Scout Tower
03:02 Guard Tower
03:09 Scout Tower
03:21 Guard Tower
04:09 Guard Tower
04:22 Scout Tower
04:26 Scout Tower
04:41 Arcane Vault
04:49 Guard Tower
04:53 Guard Tower
05:15 Scout Tower
05:25 Keep
05:29 Farm
06:08 Altar of Kings
06:13 Barracks
06:17 Blacksmith
06:26 Farm
07:02 Farm
07:30 Farm
07:43 Farm
08:20 Farm
09:48 Farm
11:19 Farm
11:24 Castle
12:15 Arcane Vault
25:36 Town Hall
27:25 Altar of Kings
» items
| Scroll of Regeneration | 4 | |
| Scroll of Town Portal | 1 | |
| Orb of Fire | 1 | |
| Potion of Healing | 1 | |
| Orb of Corruption | 1 | |
8 total
team 2 (loser)

»
homey68 (
pink | 31 APM | 914 actions | 29:19)
6 Pandaren Brewmaster
3 Drunken Haze
3 Drunken Brawler
» actions
| Assign group hotkey | 6 | |
| Basic commands | 20 | |
| Build / train | 41 | |
| Enter build submenu | 19 | |
| Enter hero's abilities submenu | 5 | |
| Right click | 467 | |
| Select / deselect | 272 | |
| Select group hotkey | 58 | |
| Use ability | 26 | |
914 total
» units
| Acolyte | 4 | |
| Ghoul | 8 | |
| Frost Wyrm | 7 | |
19 total
» upgrades
| Creature Attack | 3 | |
| Freezing Breath | 1 | |
| Creature Carapace | 2 | |
6 total
» buildings
| Altar of Darkness | 1 | |
| Ziggurat | 8 | |
| Graveyard | 1 | |
| Crypt | 1 | |
| Halls of the Dead | 1 | |
| Spirit Tower | 5 | |
| Tomb of Relics | 1 | |
| Black Citadel | 1 | |
| Sacrificial Pit | 1 | |
| Boneyard | 3 | |
23 total
» build order
00:07 Altar of Darkness
00:14 Ziggurat
00:56 Graveyard
01:27 Ziggurat
02:51 Crypt
03:00 Ziggurat
04:44 Halls of the Dead
04:54 Spirit Tower
05:22 Tomb of Relics
06:54 Ziggurat
07:05 Black Citadel
07:12 Sacrificial Pit
07:54 Spirit Tower
07:56 Spirit Tower
09:29 Boneyard
09:30 Boneyard
11:03 Boneyard
11:59 Ziggurat
12:00 Ziggurat
13:13 Ziggurat
13:17 Ziggurat
22:13 Spirit Tower
22:15 Spirit Tower
» items
idiot_ (
blue | 46 APM | 1378 actions | 30:15)
5 Warden
2 Shadow Strike
2 Fan of Knives
1 Blink
4 Priestess of the Moon
2 Trueshot Aura
2 Searing Arrows
» actions
| Basic commands | 135 | |
| Build / train | 86 | |
| ESC pressed | 4 | |
| Enter build submenu | 22 | |
| Enter hero's abilities submenu | 9 | |
| Remove unit from queue | 1 | |
| Right click | 393 | |
| Select / deselect | 649 | |
| Use ability | 79 | |
1378 total
» units
| Wisp | 33 | |
| Archer | 4 | |
| Glaive Thrower | 5 | |
| Hippogryph | 13 | |
| Druid of the Talon | 2 | |
57 total
» upgrades
| Strength of the Wild | 2 | |
| Reinforced Hides | 3 | |
| Druid of the Talon Training | 2 | |
7 total
» buildings
| Altar of Elders | 1 | |
| Moon Well | 8 | |
| Ancient of War | 1 | |
| Hunter's Hall | 1 | |
| Tree of Ages | 1 | |
| Tree of Eternity | 2 | |
| Ancient of Wind | 2 | |
| Ancient of Wonders | 1 | |
| Tree of Life | 4 | |
21 total
» build order
00:12 Altar of Elders
00:14 Moon Well
01:10 Ancient of War
01:30 Moon Well
02:23 Moon Well
02:53 Hunter's Hall
04:00 Tree of Ages
07:29 Tree of Eternity
07:29 Tree of Eternity
08:45 Ancient of Wind
09:37 Ancient of Wonders
10:49 Ancient of Wind
12:21 Moon Well
13:18 Tree of Life
17:42 Moon Well
17:48 Moon Well
17:58 Tree of Life
20:28 Moon Well
20:37 Moon Well
21:47 Tree of Life
29:21 Tree of Life
» items
| Scroll of Town Portal | 3 | |
| Moonstone | 1 | |
| Scroll of Regeneration | 2 | |
| Dust of Appearance | 1 | |
7 total
t1fail (
teal | 33 APM | 1020 actions | 30:45)
4 Paladin
2 Holy Light
2 Devotion Aura
» actions
| Basic commands | 1 | |
| Build / train | 81 | |
| Enter build submenu | 28 | |
| Enter hero's abilities submenu | 4 | |
| Remove unit from queue | 2 | |
| Right click | 455 | |
| Select / deselect | 409 | |
| Use ability | 40 | |
1020 total
» units
| Peasant | 7 | |
| Footman | 6 | |
| Siege Engine | 9 | |
| Flying Machine | 25 | |
| Knight | 3 | |
50 total
» upgrades
| Masonry | 1 | |
| Defend | 1 | |
| Lumber Harvesting | 2 | |
| Gunpowder | 3 | |
| Plating | 4 | |
| Barrage | 1 | |
| Flak Cannons | 1 | |
| Flying Machine Bombs | 1 | |
14 total
» buildings
| Altar of Kings | 1 | |
| Farm | 8 | |
| Barracks | 1 | |
| Lumber Mill | 1 | |
| Scout Tower | 7 | |
| Guard Tower | 6 | |
| Arcane Vault | 1 | |
| Keep | 1 | |
| Blacksmith | 1 | |
| Castle | 1 | |
| Workshop | 4 | |
| Town Hall | 2 | |
34 total
» build order
00:23 Altar of Kings
00:41 Farm
00:51 Barracks
01:21 Farm
01:31 Lumber Mill
02:00 Farm
02:03 Scout Tower
02:42 Scout Tower
02:51 Scout Tower
03:23 Guard Tower
03:25 Guard Tower
03:29 Scout Tower
03:33 Scout Tower
04:09 Guard Tower
04:12 Guard Tower
04:25 Scout Tower
04:27 Farm
04:45 Scout Tower
04:55 Guard Tower
05:16 Arcane Vault
05:30 Guard Tower
05:58 Keep
06:26 Blacksmith
08:25 Castle
10:18 Workshop
10:19 Workshop
12:03 Workshop
12:09 Workshop
12:23 Farm
12:26 Farm
13:04 Farm
13:44 Farm
22:22 Town Hall
26:39 Town Hall
» items

»
ayatollah92 (
green | 90 APM | 2911 actions | 32:15)
6 Paladin
3 Holy Light
1 Divine Shield
1 Devotion Aura
1 Resurrection
4 Mountain King
2 Storm Bolt
1 Thunder Clap
1 Bash
» actions
| Assign group hotkey | 524 | |
| Basic commands | 208 | |
| Build / train | 67 | |
| Enter build submenu | 29 | |
| Enter hero's abilities submenu | 11 | |
| Give item / drop item | 3 | |
| Remove unit from queue | 3 | |
| Right click | 899 | |
| Select / deselect | 486 | |
| Select group hotkey | 571 | |
| Use ability | 109 | |
2911 total
» units
| Peasant | 14 | |
| Footman | 8 | |
| Gnoll Overseer | 1 | |
| Gryphon Rider | 5 | |
| Dragonhawk Rider | 8 | |
36 total
» upgrades
| Masonry | 1 | |
| Defend | 1 | |
| Swords | 3 | |
| Lumber Harvesting | 2 | |
| Armor | 2 | |
| Animal War Training | 1 | |
| Cloud | 1 | |
| Storm Hammers | 1 | |
12 total
» buildings
| Altar of Kings | 1 | |
| Farm | 7 | |
| Blacksmith | 3 | |
| Barracks | 1 | |
| Lumber Mill | 1 | |
| Arcane Vault | 2 | |
| Keep | 1 | |
| Castle | 1 | |
| Gryphon Aviary | 2 | |
| Town Hall | 2 | |
21 total
» build order
00:10 Altar of Kings
00:20 Farm
00:28 Blacksmith
00:36 Barracks
00:44 Farm
01:14 Lumber Mill
01:32 Farm
02:08 Farm
03:34 Blacksmith
03:38 Arcane Vault
04:16 Keep
06:40 Blacksmith
06:51 Farm
07:03 Farm
07:06 Castle
07:12 Farm
07:19 Arcane Vault
07:56 Gryphon Aviary
10:10 Gryphon Aviary
14:49 Town Hall
20:20 Town Hall
» items
| Potion of Mana | 2 | |
| Scroll of Town Portal | 1 | |
| Orb of Venom | 1 | |
4 total
Chat log
(00:24 / Allies) ChaosKnight: gg
(00:27 / Allies) teelo: oh boy
(00:28 / Allies) ChaosKnight: OJ's a bser
(00:29 / Allies) teelo: a tower rusher
(00:29 / Allies) FUXSUHDUXS2: stfu
(00:34 / Allies) ChaosKnight: Oh
(00:38 / All) t1fail: i cannot believe that have players on wc3 :O
(01:41 / Allies) teelo: er
(01:44 / Allies) teelo: he can see you
(01:45 / Allies) teelo: lol
(01:57 / Allies) FUXSUHDUXS2: good
(02:03 / Allies) ChaosKnight: Wow
(02:08 / Allies) ChaosKnight: A tower rusher who knows what he's doing?
(03:03 / Allies) ChaosKnight: lol
(03:11 / Allies) ChaosKnight: Build a vault OJ
(04:33 / Allies) teelo: shopppp
(07:43 / Allies) ChaosKnight: We abandoning the towers OJ?
(07:55 / Allies) FUXSUHDUXS2: they have siege
(08:23 / Allies) ChaosKnight: 100 wood?
(08:32 / Allies) ChaosKnight: ty
(09:36 / All) ChaosKnight: Good job Teal, that was mildly inconvenient
(10:23 / Allies) teelo: oj
(13:34 / Allies) ChaosKnight: loil
(13:39 / Allies) teelo: lol
(13:43 / All) ChaosKnight: Yay, free exp!
(13:43 / Allies) teelo: we're all getting frosts huh
(13:45 / Allies) teelo: uh oh
(13:52 / All) t1fail: Yay free food
(14:01 / All) ChaosKnight: You could kill your own units, you know
(14:14 / All) t1fail: I hate friendly fire ;)
(14:21 / All) t1fail: Prefer to scout
(17:10 / Allies) ChaosKnight: Wait for me, lol
(19:36 / Allies) ChaosKnight: tp?
(19:55 / Allies) ChaosKnight: Well?
(20:01 / Allies) teelo: if oj does I will
(23:12 / Allies) ChaosKnight: Need money to rebuild?
(24:27 / Allies) YERT: get the xpos
(24:29 / Allies) ChaosKnight: Let's take out Tank boy
(24:46 / Allies) teelo: expos first
(25:08 / Allies) FUXSUHDUXS2: red use ur shade
(25:10 / Allies) teelo: use the fiend
(26:04 / Allies) ChaosKnight: Out
(26:43 / Allies) ChaosKnight: Pump AA hard
(26:48 / Allies) teelo: yeah making firneds
(27:17 / Allies) YERT: red spend your gold
(27:23 / Allies) teelo: im making 3 crypts
(28:27 / Allies) YERT: 300 gold for lich plz
(28:37 / All) YERT: ty
(28:58 / Allies) ChaosKnight: OJ take out Blue
(29:00 / Allies) ChaosKnight: Er Teal
(30:38 / All) t1fail: gg
(30:43 / All) ChaosKnight: Eat me, copter whore
(31:03 / All) teelo: lawl copter whore
(32:09 / All) ayatollah92: gg
(32:12 / All) ChaosKnight: Bite me
(32:12 / All) teelo: gg